TOP OF THE 1ST |
Bismark Border Guards batting - Pitching for Bismarck Barons : LHP Esteban García
|
Pitching: LHP Esteban García
|
|
Batting: RHB Alfredo Farías
|
0-0: Fly out, F7 (Flyball, 7LSF)
|
Batting: RHB Warren Martin
|
0-0: Foul Ball, location: 2F 0-1: Ball 1-1: Ball 2-1: SINGLE (Line Drive, 89M)
|
Batting: RHB Sergio Solíz
|
0-0: Ball 1-0: Ball 2-0: Ball 3-0: Called Strike 3-1: Called Strike 3-2: Strikes out swinging Warren Martin steals 2nd base Batter strikes out.
|
Batting: RHB Vincent Braun
|
0-0: Ball 1-0: Foul Ball, location: 2F 1-1: Foul Ball, location: 2F 1-2: Ground out 4-3 (Groundball, 4)
|
Top of the 1st over - 0 runs, 1 hit, 0 errors, 1 left on base; Bismark 0 - Bismarck 0 |
BOTTOM OF THE 1ST |
Bismarck Barons batting - Pitching for Bismark Border Guards : LHP Jeffrey Glass
|
Pitching: LHP Jeffrey Glass
|
|
Batting: RHB Nelson Castro
|
0-0: Foul Ball, location: 2F 0-1: Foul Ball, location: 2F 0-2: Ball 1-2: Ball 2-2: Fly out, F4 (Popup, 4MS)
|
Batting: RHB Gary Roberts
|
0-0: Ball 1-0: Called Strike 1-1: Ball 2-1: Ball 3-1: Swinging Strike 3-2: Base on Balls
|
Batting: RHB Jonathan Jackson
|
0-0: Called Strike 0-1: Called Strike 0-2: Ball 1-2: SINGLE (Line Drive, 78S) Gary Roberts to second
|
Batting: RHB Juan Martínez
|
0-0: Ball Wild Pitch! Gary Roberts to third Jonathan Jackson to second 1-0: Foul Ball, location: 2F 1-1: Foul Ball, location: 2F 1-2: Fly out, F9 (Line Drive, 89M) Runner from 3rd tags up, SCORES, no throw
|
Batting: RHB Jason Smith
|
0-0: Ball 1-0: Ball 2-0: Ball 3-0: Called Strike 3-1: Reached on error, E6 (Groundball, 6) Jonathan Jackson to third
|
Batting: RHB Jonathan Reynolds
|
0-0: Ball 1-0: Ball 2-0: SINGLE (Groundball, 56) (infield hit) Jonathan Jackson scores Jason Smith to second
|
Batting: RHB Felipe Domínguez
|
0-0: Ball 1-0: SINGLE (Flyball, 9LS) Jason Smith to third Jonathan Reynolds to second Runner from 3rd tries for Home, SAFE, no throw
|
Batting: RHB Pedro García
|
0-0: Called Strike 0-1: Ball 1-1: Foul Ball, location: 2F 1-2: Ball 2-2: Foul Ball, location: 2F 2-2: Foul Ball, location: 2F 2-2: Ball 3-2: Ground out U3 (Groundball, 34S)
|
Bottom of the 1st over - 3 runs, 3 hits, 1 error, 2 left on base; Bismark 0 - Bismarck 3 |
TOP OF THE 2ND |
Bismark Border Guards batting - Pitching for Bismarck Barons : LHP Esteban García
|
Batting: RHB Leonard Harris
|
0-0: Fly out, F7 (Flyball, 7S)
|
Batting: RHB Mario Carranza
|
0-0: Called Strike 0-1: Swinging Strike 0-2: Ball 1-2: Ball 2-2: Foul Ball, location: 2F 2-2: Foul Ball, location: 2F 2-2: Ball 3-2: Foul Ball, location: 2F 3-2: Base on Balls
|
Batting: RHB Danny Spode
|
0-0: Called Strike 0-1: Grounds into double play, 4-6-3 (Groundball, 4)
|
Top of the 2nd over - 0 runs, 0 hits, 0 errors, 0 left on base; Bismark 0 - Bismarck 3 |
BOTTOM OF THE 2ND |
Bismarck Barons batting - Pitching for Bismark Border Guards : LHP Jeffrey Glass
|
Batting: RHB Chet White
|
0-0: Called Strike 0-1: Ground out 5-3 (Groundball, 56)
|
Batting: RHB Nelson Castro
|
0-0: Called Strike 0-1: Foul Ball, location: 2F 0-2: Ball 1-2: Strikes out looking
|
Batting: RHB Gary Roberts
|
0-0: Reached on error, E5 (Groundball, 5S)
|
Batting: RHB Jonathan Jackson
|
0-0: Ball 1-0: Foul Ball, location: 2F 1-1: Swinging Strike 1-2: Ground out 4-3 (Groundball, 34)
|
Bottom of the 2nd over - 0 runs, 0 hits, 1 error, 1 left on base; Bismark 0 - Bismarck 3 |
TOP OF THE 3RD |
Bismark Border Guards batting - Pitching for Bismarck Barons : LHP Esteban García
|
Batting: RHB José Vidal
|
0-0: Ground out 4-3 (Groundball, 4S)
|
Batting: LHB Kelsey Scott
|
0-0: Ball 1-0: Ball 2-0: Ball 3-0: Swinging Strike 3-1: Foul Ball, location: 2F 3-2: Foul Ball, location: 2F 3-2: Base on Balls
|
Batting: RHB Alfredo Farías
|
0-0: Ball 1-0: Foul Ball, location: 2F 1-1: Ball 2-1: Fielders Choice at 2nd, 6-4 (Groundball, 6)
|
Batting: RHB Warren Martin
|
0-0: SINGLE (Flyball, 7S) Alfredo Farías to second Alfredo Farías to third
|
Batting: RHB Sergio Solíz
|
0-0: Foul Ball, location: 2F 0-1: Ball 1-1: Ball 2-1: Called Strike 2-2: Foul Ball, location: 2F 2-2: Strikes out swinging
|
Top of the 3rd over - 0 runs, 1 hit, 0 errors, 2 left on base; Bismark 0 - Bismarck 3 |
BOTTOM OF THE 3RD |
Bismarck Barons batting - Pitching for Bismark Border Guards : LHP Jeffrey Glass
|
Batting: RHB Juan Martínez
|
0-0: Ball 1-0: Ball 2-0: Foul Ball, location: 2F 2-1: Foul Ball, location: 2F 2-2: Ball 3-2: Strikes out looking
|
Batting: RHB Jason Smith
|
0-0: Ball 1-0: SINGLE (Flyball, 89S)
|
Batting: RHB Jonathan Reynolds
|
0-0: Ball 1-0: Called Strike 1-1: Foul Ball, location: 2F 1-2: Ball Jason Smith is caught stealing 2nd base 2-2: Fly out, F7 (Flyball, 78M)
|
Bottom of the 3rd over - 0 runs, 1 hit, 0 errors, 0 left on base; Bismark 0 - Bismarck 3 |
TOP OF THE 4TH |
Bismark Border Guards batting - Pitching for Bismarck Barons : LHP Esteban García
|
Batting: RHB Vincent Braun
|
0-0: Ball 1-0: Fly out, F5 (Line Drive, 56S)
|
Batting: RHB Leonard Harris
|
0-0: Ball 1-0: Ball 2-0: Ball 3-0: Base on Balls
|
Batting: RHB Mario Carranza
|
0-0: Fly out, F9 (Flyball, 9S)
|
Batting: RHB Danny Spode
|
0-0: 2-RUN HOME RUN (Flyball, 78XD), Distance : 372 ft
|
Batting: RHB José Vidal
|
0-0: Ground out 1-3 (Groundball, 15S)
|
Top of the 4th over - 2 runs, 1 hit, 0 errors, 0 left on base; Bismark 2 - Bismarck 3 |
BOTTOM OF THE 4TH |
Bismarck Barons batting - Pitching for Bismark Border Guards : LHP Jeffrey Glass
|
Batting: RHB Felipe Domínguez
|
0-0: Ball 1-0: Ball 2-0: Ball 3-0: Base on Balls
|
Batting: RHB Pedro García
|
0-0: Foul Ball, location: 2F 0-1: Ball 1-1: Ball 2-1: Foul Ball, location: 2F 2-2: Grounds into double play, 6-4-3 (Groundball, 6)
|
Batting: RHB Chet White
|
0-0: Ball 1-0: Ball 2-0: Ball 3-0: Called Strike 3-1: SINGLE (Groundball, 6D)
|
Batting: RHB Nelson Castro
|
0-0: Called Strike 0-1: Swinging Strike 0-2: Foul Ball, location: 2F 0-2: Ball 1-2: Foul Ball, location: 2F 1-2: SINGLE (Groundball, 56D) Chet White to second
|
Batting: RHB Gary Roberts
|
0-0: Ball 1-0: Called Strike 1-1: SINGLE (Flyball, 7LS) Chet White to third Nelson Castro to second Runner from 3rd tries for Home, SAFE, throw made home
|
Batting: RHB Jonathan Jackson
|
0-0: Swinging Strike 0-1: Fly out, F8 (Flyball, 8RXD)
|
Bottom of the 4th over - 1 run, 3 hits, 0 errors, 2 left on base; Bismark 2 - Bismarck 4 |
TOP OF THE 5TH |
Bismark Border Guards batting - Pitching for Bismarck Barons : LHP Esteban García
|
Batting: LHB Kelsey Scott
|
0-0: Ball 1-0: Ball 2-0: Foul Ball, location: 2F 2-1: Fly out, F8 (Flyball, 8LD)
|
Batting: RHB Alfredo Farías
|
0-0: Ball 1-0: Ball 2-0: Called Strike 2-1: Foul Ball, location: 2F 2-2: Ball 3-2: Foul Ball, location: 2F 3-2: Strikes out swinging
|
Batting: RHB Warren Martin
|
0-0: Ball 1-0: Called Strike 1-1: DOUBLE (Flyball, 78D)
|
Batting: RHB Sergio Solíz
|
0-0: Foul Ball, location: 2F 0-1: Foul Ball, location: 2F 0-2: Foul Ball, location: 2F 0-2: Ball 1-2: Foul Ball, location: 2F 1-2: Ball 2-2: Ground out 6-3 (Groundball, 6)
|
Top of the 5th over - 0 runs, 1 hit, 0 errors, 1 left on base; Bismark 2 - Bismarck 4 |
BOTTOM OF THE 5TH |
Bismarck Barons batting - Pitching for Bismark Border Guards : LHP Jeffrey Glass
|
Batting: RHB Juan Martínez
|
0-0: Foul Ball, location: 2F 0-1: SINGLE (Line Drive, 6M)
|
Batting: RHB Jason Smith
|
0-0: Ball Wild Pitch! Juan Martínez to second 1-0: Swinging Strike 1-1: Ball 2-1: Ball 3-1: Fly out, F8 (Line Drive, 89M)
|
Batting: RHB Jonathan Reynolds
|
0-0: Called Strike 0-1: Ball 1-1: Ground out 4-3 (Groundball, 34) Juan Martínez to third
|
Batting: RHB Felipe Domínguez
|
0-0: SINGLE (Flyball, 7LS) Juan Martínez scores
|
Batting: RHB Pedro García
|
0-0: Ball 1-0: Ball 2-0: Ball 3-0: Base on Balls Felipe Domínguez to second
|
Pitching: RHP Miguel Valenzuela
|
|
Batting: RHB Chet White
|
0-0: Swinging Strike 0-1: Fly out, F8 (Line Drive, 8LD)
|
Bottom of the 5th over - 1 run, 2 hits, 0 errors, 2 left on base; Bismark 2 - Bismarck 5 |
TOP OF THE 6TH |
Bismark Border Guards batting - Pitching for Bismarck Barons : LHP Esteban García
|
Batting: RHB Vincent Braun
|
0-0: Called Strike 0-1: Fly out, F4 (Popup, 34S)
|
Batting: RHB Leonard Harris
|
0-0: Swinging Strike 0-1: Foul Ball, location: 2F 0-2: Strikes out swinging
|
Batting: RHB Mario Carranza
|
0-0: Ball 1-0: Fly out, F7 (Line Drive, 7LD)
|
Top of the 6th over - 0 runs, 0 hits, 0 errors, 0 left on base; Bismark 2 - Bismarck 5 |
BOTTOM OF THE 6TH |
Bismarck Barons batting - Pitching for Bismark Border Guards : RHP Miguel Valenzuela
|
Batting: RHB Nelson Castro
|
0-0: Foul Ball, location: 2F 0-1: Ball 1-1: Ball 2-1: Swinging Strike 2-2: Ball 3-2: Base on Balls
|
Batting: RHB Gary Roberts
|
0-0: Ball 1-0: Ball 2-0: Called Strike 2-1: Swinging Strike 2-2: Fly out, F7 (Line Drive, 78D)
|
Batting: RHB Jonathan Jackson
|
0-0: Ball 1-0: Foul Ball, location: 2F 1-1: Ball Nelson Castro steals 2nd base 2-1: Called Strike 2-2: Strikes out looking
|
Batting: RHB Juan Martínez
|
0-0: Fly out, F7 (Flyball, 7)
|
Bottom of the 6th over - 0 runs, 0 hits, 0 errors, 1 left on base; Bismark 2 - Bismarck 5 |
TOP OF THE 7TH |
Bismark Border Guards batting - Pitching for Bismarck Barons : LHP Esteban García
|
Batting: RHB Danny Spode
|
0-0: Called Strike 0-1: Fly out, F8 (Flyball, 8LS)
|
Batting: RHB José Vidal
|
0-0: Ball 1-0: Ground out 5-3 (Groundball, 56)
|
Batting: LHB Kelsey Scott
|
0-0: Called Strike 0-1: Ball 1-1: Ball 2-1: Swinging Strike 2-2: Ball 3-2: Strikes out swinging
|
Top of the 7th over - 0 runs, 0 hits, 0 errors, 0 left on base; Bismark 2 - Bismarck 5 |
BOTTOM OF THE 7TH |
Bismarck Barons batting - Pitching for Bismark Border Guards : RHP Miguel Valenzuela
|
Batting: RHB Jason Smith
|
0-0: Ball 1-0: SINGLE (Groundball, 6S) (infield hit)
|
Batting: RHB Jonathan Reynolds
|
0-0: Ball 1-0: Fly out, F9 (Line Drive, 9)
|
Batting: RHB Felipe Domínguez
|
0-0: Called Strike 0-1: Grounds into double play, 6-4-3 (Groundball, 6M)
|
Bottom of the 7th over - 0 runs, 1 hit, 0 errors, 0 left on base; Bismark 2 - Bismarck 5 |
TOP OF THE 8TH |
Bismark Border Guards batting - Pitching for Bismarck Barons : LHP Esteban García
|
Pitching: RHP Alfonso Villa
|
|
Batting: RHB Alfredo Farías
|
0-0: Ball 1-0: Foul Ball, location: 2F 1-1: Called Strike 1-2: Ball 2-2: Ball 3-2: Base on Balls
|
Batting: RHB Warren Martin
|
0-0: Ball 1-0: Foul Ball, location: 2F 1-1: Swinging Strike 1-2: Foul Ball, location: 2F 1-2: Ball 2-2: Strikes out swinging
|
Batting: RHB Sergio Solíz
|
0-0: Ball 1-0: Grounds into double play, 1-6-3 (Groundball, P)
|
Top of the 8th over - 0 runs, 0 hits, 0 errors, 0 left on base; Bismark 2 - Bismarck 5 |
BOTTOM OF THE 8TH |
Bismarck Barons batting - Pitching for Bismark Border Guards : RHP Miguel Valenzuela
|
Batting: RHB Pedro García
|
0-0: Ball 1-0: Called Strike 1-1: Fly out, F9 (Line Drive, 9)
|
Batting: RHB Chet White
|
0-0: Ball 1-0: Called Strike 1-1: Foul Ball, location: 2F 1-2: Reached on error, E6 (Groundball, 6)
|
Batting: RHB Nelson Castro
|
0-0: Ball 1-0: Ball 2-0: Ball 3-0: Base on Balls Chet White to second
|
Batting: RHB Gary Roberts
|
0-0: Called Strike 0-1: Swinging Strike 0-2: Fly out, F5 (Line Drive, 56)
|
Batting: RHB Jonathan Jackson
|
0-0: Called Strike 0-1: Ball 1-1: Called Strike 1-2: Ball 2-2: Strikes out swinging
|
Bottom of the 8th over - 0 runs, 0 hits, 1 error, 2 left on base; Bismark 2 - Bismarck 5 |
TOP OF THE 9TH |
Bismark Border Guards batting - Pitching for Bismarck Barons : RHP Alfonso Villa
|
Pitching: LHP Adrian Bryant
|
|
Batting: RHB Vincent Braun
|
0-0: Called Strike 0-1: Swinging Strike 0-2: Ground out 6-3 (Groundball, 6)
|
Batting: RHB Leonard Harris
|
0-0: Ball 1-0: Ball 2-0: Called Strike 2-1: Foul Ball, location: 2F 2-2: Foul Ball, location: 2F 2-2: SINGLE (Line Drive, 78S)
|
Batting: RHB Mario Carranza
|
0-0: Called Strike 0-1: Swinging Strike 0-2: Ball 1-2: Foul Ball, location: 2F 1-2: Foul Ball, location: 2F 1-2: Strikes out swinging
|
Batting: RHB Danny Spode
|
0-0: Called Strike 0-1: Foul Ball, location: 2F 0-2: Ball 1-2: Ball 2-2: Ball 3-2: Foul Ball, location: 2F 3-2: Foul Ball, location: 2F 3-2: Fly out, F7 (Flyball, 78S)
|
Top of the 9th over - 0 runs, 1 hit, 0 errors, 1 left on base; Bismark 2 - Bismarck 5 |
|